 Dungeon Crawl Stone Soup version 0.30-a0-808-g6e0788376e (webtiles) character file.

Game seed: 7714127870864238699

3124 Zonian the Insei (level 9, -8/44 (48) HPs)
             Began as a Vine Stalker Transmuter on Feb 27, 2023.
             Was an Initiate of Ashenzari.
             Mangled by a wight
             ... wielding a +4 halberd of freezing
              (12 damage)
             ... on level 8 of the Dungeon.
             The game lasted 00:21:04 (10437 turns).

Zonian the Insei (Vine Stalker Transmuter)         Turns: 10437, Time: 00:21:05

HP:   -8/44 (48)    AC: 14    Str: 16    XL:     9   Next: 91%
MP:   0/20          EV: 13    Int: 13    God:    Ashenzari [......]
Gold: 61            SH:  0    Dex: 16    Spells: 18/21 levels left

rFire   . . .      SeeInvis +      - Unarmed
rCold   + . .      Faith    .    l - orb {*Rage}
rNeg    . . .      Spirit   +    f - +3 ring mail {rC+}
rPois   .          Reflect  .    (no helmet)
rElec   .          Harm     .    x - +0 cloak of Apeoromancy {Alch, Self} (curse)
rCorr   .          Rampage  .    B - +0 pair of gloves
Will    +....      Rage     20%  (no boots)
Stlth   +                        (no amulet)
HPRegen 1.07/turn                y - +4 ring of protection
MPRegen 0.17/turn                G - ring of see invisible

@: on berserk cooldown, slowed, drained, very slow
A: fangs 3, regeneration 1, magic shield, antimagic bite, no potion heal 2
a: Renounce Religion, Shatter the Chains


You were on level 8 of the Dungeon.
You worshipped Ashenzari.
Ashenzari was noncommittal.
You visited 2 branches of the dungeon, and saw 9 of its levels.
You also visited: Sewer.

You collected 508 gold pieces.
You spent 447 gold pieces at shops.

Inventory:

Hand Weapons
 z - the +1 war axe "Giantslayer" {drain, rC+}
   (You found it on level 8 of the Dungeon)

   rC:        It protects you from cold.
Missiles
 j - 3 boomerangs of dispersal
 v - 8 boomerangs
 I - 2 curare-tipped darts
Armour
 a - a +0 robe
 f - a +3 ring mail of cold resistance (worn)
 l - an orb of wrath (worn)
 m - a +0 buckler
 x - the cursed +0 cloak of Apeoromancy (worn) {Alch, Self}
   (You found it on level 5 of the Dungeon)

   It has a curse which improves the following skills: Alchemy: Poison Magic and
   Transmutations.
   Introspection: Fighting and Spellcasting.
 A - +0 steam dragon scales
 B - a +0 pair of gloves (worn)
Jewellery
 y - a +4 ring of protection (left hand)
 G - a ring of see invisible (right hand)
Wands
 u - a wand of charming (10)
Scrolls
 g - 3 scrolls of poison
 o - 3 scrolls of blinking
 p - 2 scrolls of fog
 s - 2 scrolls of magic mapping
 w - 4 scrolls of teleportation
 C - a scroll of enchant armour
 D - a scroll of summoning
 E - a scroll of fear
 H - a scroll of immolation {unknown}
Potions
 b - a potion of lignification
 c - 3 potions of attraction
 d - 3 potions of brilliance
 e - a potion of magic
 h - 2 potions of heal wounds
 i - a potion of berserk rage
 k - a potion of flight
 n - 2 potions of invisibility
 q - 2 potions of haste
 r - 4 potions of resistance
 t - 6 potions of curing
 F - a potion of mutation


   Skills:
 + Level 5.5(5.9) Fighting
 + Level 5.2 Dodging
 + Level 6.7 Unarmed Combat
 + Level 6.4(6.8) Spellcasting
 + Level 6.3(6.7) Transmutations


You had 18 spell levels left.
You knew the following spells:

 Your Spells              Type           Power      Damage    Failure   Level
a - Beastly Appendage     Tmut           44%        N/A       1%          1
b - Wereblood             Tmut           22%        N/A       2%          2

Your spell library contained the following spells:

 Spells                   Type           Power      Damage    Failure   Level
 Spider Form              Tmut/Pois      13%        N/A       22%         3
 Summon Small Mammal      Summ           16%        N/A       30%         1
 Blink                    Tloc           8%         N/A       41%         2
 Ice Form                 Ice/Tmut       13%        N/A       58%         4
 Call Canine Familiar     Summ           4%         N/A       65%         3
 Inner Flame              Hex/Fire       4%         N/A       65%         3
 Summon Guardian Golem    Hex/Summ       4%         N/A       65%         3
 Cause Fear               Hex            2%         N/A       96%         4
 Manifold Assault         Tloc           4%         N/A       96%         4
 Storm Form               Tmut/Air       6%         N/A       100%        7
 Discord                  Hex            2%         N/A       100%        8


Dungeon Overview and Level Annotations

Branches:
Dungeon (8/15)             Temple (1/1) D:7           Sewer (visited)
   Lair: D:8-11

Altars:
Ashenzari
Cheibriados
Dithmenos
Elyvilon
Fedhas
Gozag
Hepliaklqana
Kikubaaqudgha
Makhleb
Nemelex Xobeh
Okawaru
Qazlal
Sif Muna
Trog
Uskayaw
Vehumet
Wu Jian
Yredelemnul
Zin
The Shining One

Shops:
D:8 ?

Annotations:
D:2 1 runed translucent door, Crazy Yiuf
D:7 2 transporters, pigah's ghost, novice OpWn


Innate Abilities, Weirdness & Mutations

You have razor-sharp teeth.
Your natural rate of healing is unusually fast.
When hurt, damage is shared between your health and your magic reserves.
Your bite disrupts and absorbs the magic of your enemies.
Potions cannot restore your health.


Message History

The wight barely misses you.
Unknown command.
You hit the wight. You bite the wight.
You destroy the wight!
The wight hits you from afar with a +4 halberd of freezing.
The wight freezes you. The wight barely misses you.
Your life force feels restored.
You punch the wight! You claw the wight, but do no damage.
Your bite misses the wight.
The wight is severely damaged.
The wight barely misses you. The wight hits you with a +4 war axe.
You feel drained. The wight closely misses you. The wight misses you.
You hit the wight. Your kick misses the wight.
You bite the wight, but do no damage.
The wight is almost destroyed.
The wight hits you with a +4 war axe!
You feel drained. The wight closely misses you.
You hit the wight but do no damage. Your kick misses the wight.
You headbutt the wight.
You destroy the wight!
The wight hits you from afar with a +4 halberd of freezing.
You feel drained.
You are too injured to fight recklessly!
You barely miss the steam dragon.
You headbutt the steam dragon, but do no damage.
Your bite misses the steam dragon.
Your horns disappear.
Your talons disappear.
The steam dragon closely misses you. x2; The wight hits you but does no damage.
You barely miss the steam dragon. Your bite misses the steam dragon.
The steam dragon breathes steam at you. The ball of steam hits you!
* * * LOW HITPOINT WARNING * * *
The wight hits you from afar with a +4 halberd of freezing!
* * * LOW HITPOINT WARNING * * *
You feel drained.
* * * LOW HITPOINT WARNING * * *
The steam dragon bites you but does no damage.
The steam dragon claws you but does no damage.
The wight hits you from afar with a +4 halberd of freezing!
You die...

...).##.. ## # #.......# ..#
###########.......###..#
...##.#.#...............
.....................#..
......(...............#......
.......#........D)z..# .......
.......#........@)..###..........
................§#####........⌠..
.##.............§####......#.....
..##............).#.#......##....
.##..............................
.................................
.......##...........#..###....##.
...##..##...........##........###
...#................##....##...##


You could see a steam dragon (catching breath) and a wight.

Vanquished Creatures
  Eustachio (D:5)
  2 steam dragons
  A water moccasin (D:6)
  2 ice beasts
  An orc warrior (D:8)
  An ogre (D:7)
  A phantom (D:5)
  2 kobold brigands (Sewer)
  3 necrophages
  3 bullfrogs
  A scorpion (D:6)
  13 wights
  4 orc priests
  A gnoll bouda (D:5)
  A jelly (D:5)
  2 hounds
  An iguana (D:6)
  13 orc wizards
  15 adders
  3 gnolls (D:5)
  A shadow imp (D:8)
  A white imp (D:5)
  An ufetubus (D:6)
  4 worms (Sewer)
  2 dart slugs
  28 orcs
  6 bats
  5 endoplasms
  7 giant cockroaches
  8 hobgoblins
  15 kobolds
  4 quokkas
  7 ball pythons
  5 frilled lizards
  2 goblins
  14 rats
181 creatures vanquished.

Vanquished Creatures (others)
  An adder (Sewer)
  8 plants (D:8)
9 creatures vanquished.

Grand Total: 190 creatures vanquished

Notes
Turn   | Place    | Note
-------+----------+-------------------------------------------
     0 | D:1      | Zonian the Vine Stalker Transmuter began the quest for the
                  | Orb.
     0 | D:1      | Reached XP level 1. HP: 9/9 MP: 4/4
    86 | D:1      | Reached skill level 1 in Fighting
   303 | D:1      | Reached XP level 2. HP: 9/14 MP: 4/6
   907 | D:1      | Reached XP level 3. HP: 18/18 MP: 5/7
  1191 | D:2      | Gained mutation: Your natural rate of healing is unusually
                  | fast. [Vine Stalker growth]
  1191 | D:2      | Reached XP level 4. HP: 20/22 MP: 7/9
  1930 | D:2      | Found a runed translucent door.
  1931 | D:2      | Noticed Crazy Yiuf
  2940 | D:3      | Reached XP level 5. HP: 23/26 MP: 7/10
  3343 | D:3      | Found a faded altar of an unknown god.
  3759 | D:4      | Reached XP level 6. HP: 29/32 MP: 10/12
  4364 | D:5      | Entered Level 5 of the Dungeon
  4950 | D:5      | Noticed an ice beast
  5167 | D:5      | Reached XP level 7. HP: 35/35 MP: 13/13
  6179 | D:6      | Found a glowing drain.
  6221 | Sewer    | Entered a sewer
  6450 | Sewer    | Gained mutation: You have razor-sharp teeth. [Vine Stalker
                  | growth]
  6450 | Sewer    | Reached XP level 8. HP: 25/40 MP: 9/15
  6605 | Sewer    | Reached skill level 5 in Unarmed Combat
  7171 | D:6      | Noticed Eustachio
  7193 | D:5      | Killed Eustachio
  7481 | D:6      | Reached skill level 5 in Spellcasting
  7494 | D:6      | Learned a level 2 spell: Wereblood
  7767 | D:6      | Reached skill level 5 in Transmutations
  8377 | D:7      | Reached XP level 9. HP: 46/46 MP: 16/18
  8552 | D:7      | Found a stormy altar of Qazlal.
  8681 | D:7      | Found a staircase to the Ecumenical Temple.
  8701 | Temple   | Entered the Ecumenical Temple
  8814 | Temple   | Became a worshipper of Ashenzari the Shackled
  8893 | D:7      | Found a glowing golden altar of the Shining One.
  9122 | D:7      | Found an iron altar of Okawaru.
  9234 | D:7      | Found a transporter.
  9239 | D:7      | Found a transporter.
  9239 | D:7      | Noticed pigah's ghost (novice OpWn)
  9246 | D:7      | Noticed a two-headed ogre
  9406 | D:7      | Reached skill level 5 in Fighting
  9492 | D:8      | Found Ytoesm's Magic Scroll Shoppe.
  9658 | D:8      | Bought a scroll of blinking for 97 gold pieces
  9658 | D:8      | Bought a scroll of teleportation for 39 gold pieces
  9658 | D:8      | Bought a scroll of summoning for 123 gold pieces
  9658 | D:8      | Bought a scroll of fear for 52 gold pieces
  9658 | D:8      | Bought a scroll of teleportation for 39 gold pieces
  9658 | D:8      | Bought a scroll of blinking for 97 gold pieces
  9782 | D:8      | Identified the +1 war axe "Giantslayer" {drain, rC+}
 10116 | D:8      | Reached skill level 5 in Dodging
 10437 | D:8      | Mangled by a wight

Illustrated notes

Levels and vault maps discovered:
D:1:      lightli_arrival_quake, layout_loops_corners
D:2:      minmay_chambers_of_twos, layout_loops_corners, due_unseen_surprise,
          uniq_crazy_yiuf_cottage
D:3:      layout_loops_ring, shapermc_ecumenical_altar_mp_vishouse, st_stairs_9
D:4:      layout_cave_pools
D:5:      layout_basic, minmay_statues_item, minmay_misc_feat_five
D:6:      layout_loops_ring, portal_sewer_entry_f, uniq_eustachio
D:7:      layout_loops_ring, grunt_temple_overflow_open, grunt_qazlal_clouds,
          temple_doors_ab, gammafunk_ghost_arena
D:8:      layout_cave_pools, david_lair_shrubbed, serial_column_ruins,
          column_ruins_hut, column_ruins_open_small, column_ruins_open_medium,
          column_ruins_open_small, column_ruins_open_tiny, serial_shops, shop
Temple:   eino_narrow_crystal_temple

Skill      XL: |  1  2  3  4  5  6  7  8  9 |
---------------+----------------------------+-----
Fighting       | 1 2 3 4 5 |  5.5
Dodging        | 2 3 4 5 |  5.2
Spellcasting   | 3 4 5 6 |  6.4
Transmutations | 3 4 5 6 |  6.3
Unarmed Combat | 4 5 6 |  6.7

Action                     |  1- 3 |  4- 6 |  7- 9 || total
---------------------------+-------+-------+-------++-------
  Melee: Unarmed           |    74 |   123 |   309 ||   506
         Bite              |    13 |    27 |    77 ||   117
         Kick              |    16 |    25 |    74 ||   115
         Headbutt          |     6 |     7 |    50 ||    63
         Punch             |     1 |     1 |       ||     2
   Cast: Beastly Appendage |    22 |    21 |    36 ||    79
 Invoke: Curse Item        |       |       |     1 ||     1
  Evoke: Wand              |       |       |     1 ||     1
    Use: Scroll            |       |    17 |     8 ||    25
   Stab: Sleeping          |     1 |     2 |       ||     3
 Armour: Robe              |    19 |    12 |       ||    31
         Ring mail         |       |    13 |   114 ||   127
  Dodge: Dodged            |    39 |    57 |   168 ||   264

Table legend: (Time is in decaauts)
 A = Elapsed time spent in this place.
 B = Non-inter-level travel time spent in this place.
 C = Inter-level travel time spent in this place.
 D = Time resting spent in this place.
 E = Time spent auto-exploring this place.
 F = Levels seen in this place.
 G = Mean time per level.
                   A        B        C        D        E       F      G
               +--------+--------+--------+--------+--------+-----+--------+
         Total |  10879 |  10605 |    274 |   3954 |   4499 |  10 | 1087.9 |
       Dungeon |   9866 |   9600 |    266 |   3522 |   4254 |   8 | 1233.2 |
        Temple |    121 |    113 |      8 |      0 |     93 |   1 |  121.0 |
         Sewer |    891 |    891 |      0 |    432 |    151 |   1 |  891.0 |
               +--------+--------+--------+--------+--------+-----+--------+

Top non-repeatable levels by time:
     D:5: 2086 daAuts
     D:7: 1544 daAuts
     D:2: 1498 daAuts
     D:3: 1258 daAuts
     D:6: 1246 daAuts
     D:1: 941 daAuts
   Sewer: 891 daAuts
     D:4: 720 daAuts
     D:8: 570 daAuts
  Temple: 121 daAuts
